 Dungeon Crawl Stone Soup version 0.30-a0-1074-g5db6f66fbb (console) character file.

Game seed: 7083869084033443560

2163538 Banquo the Sorcerer (level 27, 225/225 HPs)
             Began as a Djinni Air Elementalist on Apr 14, 2023.
             Was a Favourite Plaything of Xom.
             Escaped with the Orb
             ... and 4 runes on Apr 17, 2023!
             The game lasted 09:46:53 (79600 turns).

Banquo the Sorcerer (Djinni Air Elementalist)      Turns: 79600, Time: 09:46:54

Health: 225/225    AC: 16    Str:  8    XL:     27
Gold:   3594       EV: 22    Int: 42    God:    Xom [...*..] SH: 24 Dex: 21

rFire   + + .      SeeInvis +    a - staff of cold "Xenoddac" {rC+ rN+ rCorr Str+3}
rCold   + + +      Faith    .    i - +0 tower shield of Hopscotch {rN+ Regen+ Stlth+}
rNeg    + + .      Spirit   .    d - +4 troll leather armour
rPois   ∞          Reflect  .    l - +2 hat
rElec   +          Rampage  .    e - scarf {repulsion}
rCorr   +                        g - +0 pair of gloves of Xofual {+Inv Fly Slay+3}
Will    ++...                    (boots unavailable)
Stlth   +                        u - amulet of Alez {Acrobat *Corrode +Blink Regen+ Int+6}
HPRegen 2.97/turn                J - ring "Hiachega" {rElec rC+++ Str-5 Int+3 SInv}
MPRegen 0.00/turn                X - +6 ring of strength

@: flying, studying Polearms, repel missiles
A: sickness immunity, fire resistance 2, cold vulnerability 1, float, innate
caster, HP casting, extra vitality 1, horns 1, iridescent scales 2, agile 2,
clever 1, electricity resistance, no potion heal 1, inability to read after
injury 1
0: Orb of Zot
}: 4/15 runes: decaying, slimy, silver, gossamer
a: Renounce Religion, Evoke Blink, Evoke Invisibility


You escaped.
You worshipped Xom.
You were a favourite toy of Xom.
You visited 12 branches of the dungeon, and saw 54 of its levels.
You also visited: Trove, Ossuary, Bailey, Wizlab and Desolation.

You collected 9119 gold pieces.
You spent 5525 gold pieces at shops.

Inventory:

Hand Weapons
 b - the +2 Maxwell's thermic engine {flame, freeze, rev}
   (You found it in a wizard's laboratory)
 j - a +9 scimitar of holy wrath
 y - the +10 falchion of Autumn {protect, Int+2}
   (You found it on level 3 of the Elven Halls)

   Int:       It affects your intelligence (+2).
 Q - a +3 vampiric long sword
Armour
 d - a +4 troll leather armour (worn)
 e - a scarf of repulsion (worn)
 g - the +0 pair of gloves of Xofual (worn) {+Inv Fly Slay+3}
   (You found it in a treasure trove)

   Slay:      It affects your accuracy & damage with ranged weapons and melee
   (+3).
   +Inv:      It lets you turn invisible.
   Fly:       It grants you flight.
 h - the +1 helmet of Nemelex Xobeh's Hope {Regen+ rCorr Dex-3}
   (You found it on level 3 of the Elven Halls)

   Dex:       It affects your dexterity (-3).
   Regen:     It increases your rate of health regeneration.
   rCorr:     It protects you from acid and corrosion.
 i - the +0 tower shield of Hopscotch (worn) {rN+ Regen+ Stlth+}
   (You found it in a treasure trove)

   rN:        It protects you from negative energy.
   Regen:     It increases your rate of health regeneration.
   Stlth:     It makes you more stealthy.
 l - a +2 hat (worn)
Magical Staves
 a - the staff of cold "Xenoddac" (weapon) {rC+ rN+ rCorr Str+3}
   (You found it in the Desolation of Salt)

   [staff of cold]

   Your inability to study Ice Magic prevents you from drawing on the full power
   of this staff in melee.
   Base accuracy: +5 Base damage: 5 Base attack delay: 1.2 This weapon's minimum
   attack delay (0.6) is reached at skill level 12.
   Str:       It affects your strength (+3).
   rC:        It protects you from cold.
   rN:        It protects you from negative energy.
   rCorr:     It protects you from acid and corrosion.
   It falls into the 'Staves' category.
   It is a one-handed weapon.
Jewellery
 u - the amulet of Alez (around neck) {Acrobat *Corrode +Blink Regen+ Int+6}
   (You bought it in a shop on level 1 of the Depths)

   [amulet of the acrobat]

   It increases your evasion while moving and waiting.
   Int:       It affects your intelligence (+6).
   +Blink:    It lets you blink.
   Regen:     It increases your rate of health regeneration.
   *Corrode:  It may corrode you when you take damage.
 J - the ring "Hiachega" (left hand) {rElec rC+++ Str-5 Int+3 SInv}
   (You acquired it on level 1 of the Elven Halls)

   [ring of see invisible]

   Str:       It affects your strength (-5).
   Int:       It affects your intelligence (+3).
   rC:        It renders you almost immune to cold.
   rElec:     It insulates you from electricity.
   SInv:      It lets you see invisible.
 V - a ring of willpower
 X - a +6 ring of strength (right hand)
Wands
 k - a wand of acid (52)
 r - a wand of polymorph (5)
 v - a wand of mindburst (42)
 D - a wand of digging (8)
 K - a wand of iceblast (93)
 L - a wand of paralysis (3)
Scrolls
 c - 5 scrolls of brand weapon
 f - 14 scrolls of blinking
 o - 3 scrolls of butterflies
 q - 7 scrolls of enchant armour
 s - 10 scrolls of fear
 t - 5 scrolls of enchant weapon
 w - 2 scrolls of noise
 x - 31 scrolls of teleportation
 A - 10 scrolls of fog
 C - 7 scrolls of silence
 T - 13 scrolls of poison
Potions
 n - 11 potions of brilliance
 p - 7 potions of haste
 z - 8 potions of cancellation
 B - 11 potions of might
 E - 9 potions of mutation
 F - 3 potions of berserk rage
 H - 26 potions of curing
 I - 4 potions of resistance
 N - 30 potions of heal wounds
 O - 8 potions of invisibility
 Z - 21 potions of ambrosia
Miscellaneous
 G - a box of beasts
 U - a phantom mirror


   Skills:
 * Level 26.5 Fighting
 - Level 14.0 Long Blades
 - Level 8.0 Armour
 - Level 16.0 Dodging
 - Level 1.5 Stealth
 * Level 22.3 Shields
 - Level 26.5 Spellcasting


You knew the following spells:

 Your Spells              Type           Power      Damage    Failure   Level
a - Shock                 Conj/Air       100%       1d9       0%          1
b - Fireball              Conj/Fire      67%        3d25      0%          5
c - Mephitic Cloud        Conj/Pois/Air  100%       N/A       0%          3
d - Static Discharge      Conj/Air       100%       2-7/arc   0%          2
e - Momentum Strike       Conj/Tloc      100%       3d10      0%          2
f - Cause Fear            Hex            67%        N/A       0%          4
g - Summon Cactus Giant   Summ           67%        N/A       0%          6
h - Infestation           Necr           67%        N/A       1%          8
i - Ignition              Fire           67%        3d18      1%          8
m - Summon Small Mammal   Summ           100%       N/A       0%          1
p - Airstrike             Air            67%        2d(10-26) 0%          4
v - Borgnjor's Vile Clut  Necr/Erth      67%        N/A       0%          5
z - Plasma Beam           Fire/Air       67%        2x1d92    0%          6
D - Discord               Hex            67%        N/A       1%          8
L - Statue Form           Tmut/Erth      90%        N/A       0%          6
M - Swiftness             Air            100%       N/A       0%          3
P - Death's Door          Necr           67%        N/A       1%          9
Your spell library was empty.

Dungeon Overview and Level Annotations

Branches:
Dungeon (15/15)            Temple (1/1) D:4            Lair (5/5) D:11
  Swamp (4/4) Lair:3       Spider (4/4) Lair:3        Slime (5/5) Lair:5
    Orc (2/2) D:11            Elf (3/3) Orc:2        Vaults (5/5) D:13
  Crypt (1/3) Vaults:2     Depths (4/4) D:15            Zot (5/5) Depths:4
Ossuary (visited)          Bailey (visited)          WizLab (visited)
Desolation (visited)

Altars:
Ashenzari
Cheibriados
Dithmenos
Elyvilon
Fedhas
Gozag
Hepliaklqana
Makhleb
Nemelex Xobeh
Okawaru
Qazlal
Ru
Trog
Uskayaw
Wu Jian
Xom
Yredelemnul
Zin
The Shining One
Jiyva
Lugonu

Shops:
D:6 :   D:10 *   D:11 ?*!(:   D:15 [   Orc:1 =   Orc:2 [([   Elf:1 [   Elf:3 !
Vaults:1 !(?*(   Vaults:4 ?   Vaults:5 :   Depths:1 *

Portals:
Hell: Depths:1 Depths:2 Depths:3 Depths:4
Abyss: Lair:5 Depths:3 Depths:4
Pandemonium: Depths:1 Depths:2
Ziggurat: Depths:1

Annotations:
Elf:1 3 runed translucent doors
Elf:2 3 runed translucent doors


Innate Abilities, Weirdness & Mutations

You are immune to sickness and miasma.
You are immune to poison.
Your flesh is very heat resistant. (rF++)
You are vulnerable to cold. (rC-)
You float through the air rather than walking.
You learn spells naturally, not from books.
Your magical power is your life essence.
You have superior vitality. (+4 MHP)
You have a pair of small horns on your head.
You are mostly covered in iridescent scales. (AC +4)
You are very agile. (Dex +8, Str/Int -2)
Your mind is acute. (Int +4, Str/Dex -1)
You are resistant to electric shocks. (rElec)
Potions are less effective at restoring your health.
You occasionally lose the ability to read scrolls when taking damage.


Message History

There is a stone staircase leading up here.
You fly upwards.
There is a stone staircase leading down here.
HP restored.
You reach down and open the door.
There is an open door here.
There is an escape hatch in the ceiling here.
A mysterious force pulls you upwards. The hatch slams shut behind you.
Things that are here:
a +0 spear; a +0 club
There is a stone staircase leading up here.
You fly upwards.
There is a stone staircase leading down here.
Xom grants you an implement of some kind.
Something appears before you!
You see here a +0 scale mail.
You see here a +0 scale mail.
(D) Dungeon (T) Temple (L) Lair (S) Swamp (N) Spider Nest (M) Slime Pits (O) Orcish Mines (E) Elven Halls (V) Vaults (C) Crypt (U) Depths (H) Hell (Z) Zot
Where to? (* - list waypoints, Enter - D:1, ? - help)
There is a stone staircase leading up here.
You fly upwards.
There is a stone staircase leading down here.
There is a stone staircase leading up here.
You fly upwards.
There is a stone staircase leading down here.
Aiming: Dig
Press: ? - help, Shift-Dir - straight line A rock wall.
This square is covered in magical glow.
The rock shatters into small pieces.
There is an open door here.
There is an open door here.
There is a staircase leading out of the dungeon here.
Enter note: woot!
Xom Unknown command.
Xom alters the dungeon around you.
A door bursts open, and two other doors slam shut!
You have escaped!

##.....## ##.
####.......## ##..
#.'.........# #...
#+##.......#####..
##.###.....###.###.
##...###...###...###
##.....###.###.....##
##......(##'##.......#
#....@....+.'.........
##.......##'##.......#
##.....###.###.....##
##...###...###...###
##.###.....###.###.
#'##.......#####..
#.'.........# #...
####.......## ##..
##.....## ##.


There were no monsters in sight!

Vanquished Creatures
  the Royal Jelly (Slime:5)
  7 dread liches
  2 ancient liches
  4 orbs of fire
  Mara (Swamp:4)
  5 juggernauts
  A juggernaut (shapeshifter) (Vaults:5)
  Margery (Vaults:4)
  A shard shrike (Zot:2)
  9 Killer Klowns
  Bai Suzhen (Swamp:4)
  Saint Roka (Vaults:1)
  A curse toe (Zot:2)
  3 caustic shrikes (Depths:2)
  Xtahua (Depths:3)
  The ghost of Reazxylo the Slayer, an adept MiBe of Trog (Elf:1)
  Nikola (Vaults:1)
  14 golden dragons
  2 bone dragons
  5 electric golems
  Arachne (Spider:4)
  Mlioglotl (Spider:1)
  Jorgrun (Spider:2)
  23 tentacled monstrosities
  2 deep elf blademasters (Elf:3)
  2 liches
  7 titans
  28 Orb Guardians
  4 deep elf master archers (Elf:3)
  14 acid blobs
  3 quicksilver dragons
  Gastronok (Lair:3)
  An ancient champion (Crypt:1)
  12 death cobs
  3 sphinxes
  The ghost of jrbgvjkr the Tortoise, an adept MiFi of Okawaru (Elf:1)
  Kirke (D:13)
  7 tengu reavers
  A revenant (Crypt:1)
  9 shadow dragons
  Roxanne (Elf:1)
  14 azure jellies
  12 storm dragons
  3 draconian knights
  8 fire giants
  2 fenstrider witches
  A draconian monk (Zot:2)
  7 rockslimes
  14 frost giants
  3 emperor scorpions
  A ghost moth (shapeshifter) (Elf:2)
  An imperial myrmidon (Desolation)
  7 deep elf sorcerers
  Louise (Spider:1)
  5 ghost moths
  An orc warlord (Orc:2)
  6 draconian annihilators
  6 draconian scorchers
  8 deep elf elementalists (Elf:3)
  3 draconian shifters
  13 vault wardens
  An angel (WizLab)
  3 draconian stormcallers
  22 ironbound preservers
  2 broodmothers
  2 ghouls (Swamp:4)
  14 ironbound thunderhulks
  3 war gargoyles
  14 quicksilver oozes
  22 very ugly things
  9 deep elf demonologists
  18 stone giants
  5 eleionomae
  The ghost of Lipa the Severer, a journeyman HOFi of Beogh (Lair:4)
  4 vampire knights
  15 green draconians
  13 deep elf annihilators
  12 dire elephants
  A minotaur (Zot:4)
  6 spark wasps
  9 white draconians
  10 yellow draconians
  7 red draconians
  15 black draconians
  5 purple draconians
  2 halazid warlocks (Desolation)
  17 ettins
  The ghost of mojasp the Fighter, a journeyman BaBr of Okawaru (Lair:2)
  5 bunyips
  A blizzard demon (Depths:1)
  11 fire dragons
  5 crystal guardians
  7 deep elf death magi
  15 yaktaur captains
  A merfolk javelineer (Depths:1)
  4 ragged hierophants (Desolation)
  12 deep elf high priests
  An entropy weaver (shapeshifter) (Depths:3)
  10 great orbs of eyes
  9 servants of whispers (Desolation)
  5 entropy weavers
  19 hydras
  2 shambling mangroves (Swamp:4)
  The ghost of Kiciri the Cleaver, a journeyman DsGl of Makhleb (Orc:1)
  15 peacekeepers
  8 ironbound frosthearts
  8 ice dragons
  4 spriggan air magi
  2 salamander tyrants (WizLab)
  33 vault guards
  A ghost crab (Swamp:2)
  3 rakshasas
  3 ogre magi
  A death knight (D:15)
  3 boulder beetles
  4 radroaches
  16 centaur warriors
  4 orc high priests
  9 alligators
  8 two-headed ogres
  8 deep troll shamans
  8 death yaks
  2 thrashing horrors (Lair:5)
  6 tengu warriors
  15 deep troll earth magi
  6 spriggan berserkers
  25 dancing weapons
  2 vampire magi
  A storm dragon zombie (Crypt:1)
  Sonja (Lair:3)
  8 hell knights
  2 skeletal warriors (D:15)
  A soul eater (Depths:1)
  19 deep elf knights
  A storm dragon skeleton (D:15)
  A skyshark (Lair:2)
  An iron troll (shapeshifter) (Vaults:5)
  8 pharaoh ants
  5 iron trolls
  2 death drakes (Depths:2)
  4 goliath frogs
  4 spriggan druids
  A shadow wraith (Vaults:5)
  2 sun moths
  8 orb spiders
  A shadow demon (D:13)
  87 deep trolls
  5 glowing orange brains
  A sea snake (shapeshifter) (Lair:5)
  A swamp dragon (shapeshifter) (Vaults:5)
  10 lindwurms
  9 swamp dragons
  12 ironbound convokers
  6 bog bodies
  13 deep elf archers
  2 steelbarb worms
  2 flayed ghosts
  10 wizards
  5 phantasmal warriors
  Pikel (D:8)
  3 wolf spider zombies (Spider:2)
  2 spectral wolf spiders (Spider:2)
  A steelbarb worm (shapeshifter) (Vaults:5)
  3 orc knights
  A necromancer (D:15)
  3 harpies (Vaults:4)
  21 deep elf zephyrmancers
  5 orc sorcerers
  48 ugly things
  30 deep elf pyromancers
  3 shining eyes
  A stone giant zombie (D:15)
  2 salamanders (WizLab)
  19 wolf spiders
  9 will-o-the-wisps
  An iron dragon skeleton (D:15)
  4 cyclopes
  46 moths of wrath
  A manticore (D:12)
  5 elephants
  5 torpor snails
  17 vault sentinels
  4 molten gargoyles (WizLab)
  An eye of devastation (Slime:5)
  A guardian serpent (shapeshifter) (Elf:1)
  A guardian serpent (Desolation)
  A smoke demon (Lair:5)
  10 black mambas
  43 yaktaurs
  5 gargoyles (WizLab)
  10 cane toads
  5 freezing wraiths
  A rime drake (Lair:2)
  5 komodo dragons
  6 demonic crawlers
  A kobold demonologist (Depths:3)
  A tormentor (D:7)
  A pale draconian zombie (Crypt:1)
  2 ice devils
  4 tengu conjurers
  A spriggan skeleton (D:15)
  3 ancient zymes (Lair:5)
  A merfolk (shapeshifter) (Vaults:5)
  3 trolls
  3 meliai (Spider:4)
  3 bloated husks
  A queen bee (D:9)
  12 tyrant leeches
  Prince Ribbit (Bailey)
  40 saltlings (Desolation)
  14 hornets
  24 tarantellas
  16 blink frogs
  A polar bear (Lair:2)
  13 dream sheep
  2 wolf spider simulacra (Spider:2)
  2 centaur simulacra
  24 spriggans
  24 jumping spiders
  104 slime creatures
  Sigmund (D:4)
  A shadow (D:13)
  18 culicivoras
  4 wyverns
  3 vampires
  5 basilisks
  5 air elementals
  6 humans (Bailey)
  7 ynoxinuls
  7 water elementals
  49 yaks
  2 fire elementals
  A basilisk (shapeshifter) (D:14)
  2 large abominations (Lair:5)
  5 wraiths
  3 hogs (D:13)
  2 hogs (shapeshifter)
  50 redbacks
  6 golden eyes (Slime:5)
  Grum (D:9)
  A steam dragon (D:8)
  A neqoxec (Depths:1)
  9 vampire mosquitoes
  5 wargs
  A naga (shapeshifter) (D:14)
  14 swamp worms
  2 acid dragons
  Duvessa (D:4)
  8 water moccasins
  10 swamp drakes
  A floating eye (Slime:4)
  33 orc warriors
  3 black bears
  7 boggarts
  14 ogres
  3 wolves (D:9)
  7 centaurs
  A phantom (D:6)
  2 lemures (D:8)
  5 kobold brigands
  9 small abominations (Lair:5)
  17 bullfrogs
  4 gnoll sergeants
  6 earth elementals
  5 scorpions
  8 wights (D:8)
  Dowan (D:4)
  38 killer bees
  4 electric eels
  A howler monkey (D:6)
  4 hounds
  5 jellies
  19 orc priests
  3 gnoll boudas
  2 sleepcaps
  Natasha (thrice) (D:4)
  2 iguanas
  32 orc wizards
  2 lightning spires (WizLab)
  2 mummies
  38 gnolls
  9 adders
  2 shadow imps
  3 white imps
  2 ufetubi
  2 worms
  3 dart slugs
  105 orcs
  5 spectral bats (Ossuary)
  9 ball pythons
  4 bats
  5 endoplasms
  4 giant cockroaches
  12 gnoll zombies (Ossuary)
  12 goblins
  5 hobgoblins
  7 jackals
  A quokka (D:2)
  3 frilled lizards
  3 goblin simulacra (Ossuary)
  3 goblin zombies (Ossuary)
  3 hobgoblin zombies (Ossuary)
  15 kobolds
  2 kobold simulacra (Ossuary)
  7 kobold zombies (Ossuary)
  5 orc zombies (Ossuary)
  6 rats
  6 rat simulacra (Ossuary)
  2 spectral goblins (Ossuary)
  2 spectral kobolds (Ossuary)
  6 spectral rats (Ossuary)
  A plant (Depths:2)
2459 creatures vanquished.

Vanquished Creatures (collateral kills)
  An orb of fire (Zot:5)
  The ghost of CryoSword the Fencer, an adept DsFi of Makhleb (Spider:1)
  A spark wasp (Spider:4)
  A dancing weapon (Elf:1)
  A pharaoh ant (Spider:4)
  A sun moth (Spider:4)
  2 deep elf archers (Elf:1)
  2 wolf spider zombies (Spider:2)
  A deep elf pyromancer (Elf:1)
  2 spectral wolf spiders (Spider:2)
  8 wolf spiders
  A deep elf zephyrmancer (Elf:1)
  A moth of wrath (Spider:3)
  5 demonic crawlers
  2 wolf spider simulacra (Spider:2)
  6 saltlings (Desolation)
  5 tarantellas
  5 jumping spiders
  11 culicivoras
  2 fire elementals (Elf:1)
  11 redbacks
  An earth elemental (Elf:1)
  A killer bee (D:9)
72 creatures vanquished.

Vanquished Creatures (others)
  A stone giant (Depths:1)
  An ettin (Depths:1)
  A dancing weapon (Zot:5)
  A spriggan berserker (Depths:1)
  A molten gargoyle (WizLab)
  A komodo dragon (Lair:3)
  A water elemental (Elf:1)
  A human (D:13)
  A killer bee (D:9)
  3 bushes (Lair:3)
  9 foxfires (Swamp:4)
  25 fungi
  105 plants
  9 withered plants (D:15)
160 creatures vanquished.

Grand Total: 2691 creatures vanquished

Notes
Turn   | Place    | Note
-------+----------+-------------------------------------------
     0 | D:1      | Banquo the Djinni Air Elementalist began the quest for the
                  | Orb.
     0 | D:1      | Banquo set off with the following spells memorised: Shock,
                  | Static Discharge, Swiftness, Airstrike.
     0 | D:1      | Reached XP level 1. HP: 15/15 MP: 0/0
    94 | D:1      | Reached XP level 2. HP: 17/22 MP: 0/0
   418 | D:1      | Reached XP level 3. HP: 24/26 MP: 0/0
   418 | D:1      | Learned a level 1 spell: Summon Small Mammal
   444 | D:1      | Reached skill level 1 in Fighting
   618 | D:1      | Found a faded altar of an unknown god.
  1072 | D:2      | Reached XP level 4. HP: 28/32 MP: 0/0
  1838 | D:3      | Reached XP level 5. HP: 30/38 MP: 0/0
  1838 | D:3      | Learned a level 2 spell: Momentum Strike
  2199 | D:4      | Noticed Natasha
  2205 | D:4      | Killed Natasha
  2258 | D:4      | Found a sand-covered staircase.
  2282 | Ossuary  | Entered an ossuary
  3009 | Ossuary  | Reached XP level 6. HP: 41/43 MP: 0/0
  3286 | D:4      | Noticed Duvessa
  3286 | D:4      | Noticed Dowan
  3376 | D:4      | Found a staircase to the Ecumenical Temple.
  3455 | Temple   | Entered the Ecumenical Temple
  3455 | Temple   | Found a transporter.
  3455 | Temple   | Found a transporter.
  3457 | Temple   | Found a transporter.
  3457 | Temple   | Found a transporter.
  3498 | Temple   | Became a worshipper of Xom of Chaos
  3661 | D:4      | Noticed Sigmund
  3671 | D:4      | XOM: potion effect (haste)
  3679 | D:4      | XOM: divination: detect items
  3695 | D:4      | Killed Sigmund
  3696 | D:4      | Reached skill level 5 in Spellcasting
  3696 | D:4      | Reached XP level 7. HP: 23/49 MP: 0/0
  3696 | D:4      | Learned a level 3 spell: Mephitic Cloud
  3822 | D:4      | Noticed Natasha
  3831 | D:4      | Killed Natasha
  4343 | D:4      | Noticed Natasha
  4344 | D:4      | Killed Natasha
  4374 | D:4      | Reached XP level 8. HP: 44/56 MP: 0/0
  4439 | D:4      | XOM: noise
  4502 | D:5      | Entered Level 5 of the Dungeon
  4759 | D:5      | XOM: enchant monster (bad)
  5118 | D:4      | XOM is BORED!
  5118 | D:4      | XOM: summons 5 hostile demons
  5446 | D:5      | XOM: divination: detect creatures
  5757 | D:5      | XOM: divination: detect items
  6143 | D:6      | XOM: stealth player
  6184 | D:6      | Found Ukamiyph's Book Shop.
  6238 | D:6      | Reached XP level 9. HP: 58/63 MP: 0/0
  6238 | D:6      | Learned a level 4 spell: Cause Fear
  6299 | D:5      | XOM: summons 4 hostile demons
  6369 | D:6      | XOM: 1-stop teleportation journey
  7133 | D:6      | XOM: give mutation
  7133 | D:6      | Gained mutation: Your spells are a little easier to cast,
                  | but a little less powerful. [Xom's mischief]
  7433 | D:7      | XOM: give mutations
  7433 | D:7      | Gained mutation: You are weak. (Str -2) [Xom's mischief]
  7433 | D:7      | Gained mutation: You have very sharp teeth. [Xom's
                  | mischief]
  7433 | D:7      | Lost mutation: You are weak. (Str -2) [Xom's mischief]
  7682 | D:7      | Reached skill level 5 in Fighting
  7821 | D:7      | Reached skill level 5 in Dodging
  7832 | D:7      | XOM: noise
  7920 | D:6      | XOM: summons 4 hostile shadow creatures
  8000 | D:7      | Noticed a hornet
  8341 | D:7      | XOM: give mutations
  8341 | D:7      | Gained mutation: Your muscles are strong. (Str +4, Int/Dex
                  | -1) [Xom's mischief]
  8341 | D:7      | Gained mutation: Armour fits poorly on your strangely
                  | shaped body. [Xom's mischief]
  8341 | D:7      | Gained mutation: Your mind is acute. (Int +4, Str/Dex -1)
                  | [Xom's mischief]
  8970 | D:8      | Reached XP level 10. HP: 45/70 MP: 0/0
  8970 | D:8      | Noticed Pikel
  8984 | D:8      | Killed Pikel
  9178 | D:8      | XOM: swap monsters
  9179 | D:8      | XOM: smoke on damage
  9388 | D:8      | XOM: give mutations
  9388 | D:8      | Lost mutation: Armour fits poorly on your strangely shaped
                  | body. [Xom's mischief]
  9388 | D:8      | Gained mutation: You are agile. (Dex +4, Str/Int -1) [Xom's
                  | mischief]
  9422 | D:8      | XOM: summons 2 hostile shadow creatures
  9479 | D:7      | XOM: torment (30/72 hp)
  9620 | D:8      | XOM: give mutation
  9620 | D:8      | Lost mutation: Your spells are a little easier to cast, but
                  | a little less powerful. [Xom's mischief]
 10146 | D:8      | XOM: summons 4 hostile demons
 10953 | D:8      | XOM: summons 4 hostile demons
 11350 | D:9      | Reached skill level 1 in Armour
 11350 | D:9      | Reached skill level 1 in Shields
 11350 | D:9      | Reached skill level 10 in Spellcasting
 11658 | D:9      | Found a flagged portal.
 11690 | Bailey   | Entered a bailey
 11709 | Bailey   | Reached XP level 11. HP: 49/78 MP: 0/0
 11709 | Bailey   | Learned a level 5 spell: Borgnjor's Vile Clutch
 12119 | Bailey   | Noticed Prince Ribbit
 12120 | Bailey   | Noticed a vault guard
 12138 | Bailey   | Killed a vault guard
 12192 | Bailey   | Killed Prince Ribbit
 12242 | Bailey   | Noticed a vault guard
 12242 | Bailey   | XOM: potion effect (might)
 12248 | Bailey   | XOM: potion effect (heal wounds)
 12250 | Bailey   | Killed a vault guard
 12423 | D:9      | XOM: 1-stop teleportation journey
 12479 | D:9      | XOM: give mutations
 12479 | D:9      | Gained mutation: Your mind is very acute. (Int +8, Str/Dex
                  | -2) [Xom's mischief]
 12479 | D:9      | Gained mutation: Armour fits poorly on your strangely
                  | shaped body. [Xom's mischief]
 12479 | D:9      | Lost mutation: Your muscles are strong. (Str +4, Int/Dex
                  | -1) [Xom's mischief]
 12479 | D:9      | Lost mutation: Your mind is very acute. (Int +8, Str/Dex
                  | -2) [Xom's mischief]
 12565 | D:9      | Noticed Grum
 12573 | D:9      | Killed Grum
 12804 | D:9      | XOM: silly message
 13152 | D:9      | Identified the amulet "Ogypn" {Faith Int+2 Dex+4} (Xom
                  | gifted it to you on level 9 of the Dungeon)
 13152 | D:9      | XOM: god gift: amulet "Ogypn" {Faith Int+2 Dex+4}
 13347 | D:9      | Found a stormy altar of Qazlal.
 13349 | D:9      | Found a burning altar of Makhleb.
 13509 | D:9      | XOM: 1-stop teleportation journey
 13697 | D:9      | XOM: cloud trail
 13974 | D:10     | Entered Level 10 of the Dungeon
 13978 | D:10     | Reached XP level 12. HP: 79/85 MP: 0/0
 14164 | D:10     | Found Oriuhok's General Store.
 14208 | D:10     | XOM: cloud trail
 14502 | D:10     | XOM: cloud trail
 14504 | D:10     | XOM: divination: magic mapping
 14710 | D:10     | XOM: silly message
 14713 | D:10     | XOM: give mutations
 14713 | D:10     | Gained mutation: You are weak. (Str -2) [Xom's mischief]
 14713 | D:10     | Lost mutation: Your mind is acute. (Int +4, Str/Dex -1)
                  | [Xom's mischief]
 14713 | D:10     | Gained mutation: Potions are less effective at restoring
                  | your health. [Xom's mischief]
 14713 | D:10     | Gained mutation: You occasionally lose the ability to drink
                  | potions when taking damage. [Xom's mischief]
 14887 | D:11     | Found Unyriasyn's Antique Weapon Shoppe.
 14891 | D:11     | XOM: divination: detect creatures
 14916 | D:11     | Noticed a two-headed ogre
 15055 | D:11     | Found a staircase to the Lair.
 15056 | D:11     | Noticed a death yak
 15278 | D:11     | XOM: summons 4 hostile demons
 15451 | D:11     | XOM: give mutations
 15451 | D:11     | Gained mutation: You have a pair of small antennae on your
                  | head. [Xom's grace]
 15451 | D:11     | Gained mutation: Your flesh is almost immune to the effects
                  | of heat. (rF+++) [Xom's grace]
 15451 | D:11     | Gained mutation: Your spells are a little harder to cast,
                  | but a little more powerful. [Xom's grace]
 15451 | D:11     | Gained mutation: You have hidden genetic potential. [Xom's
                  | grace]
 15452 | D:11     | Killed a death yak
 15581 | D:11     | Found Vide's Magic Scroll Emporium.
 15599 | D:11     | Found Veigrewn's General Store.
 15705 | D:11     | Found Berak's Book Shop.
 15763 | D:11     | XOM: divination: magic mapping
 15808 | D:11     | XOM: silly message
 15914 | D:11     | Found Golyuwyo's Distillery.
 15942 | D:11     | Noticed a boulder beetle
 15958 | D:11     | Killed a boulder beetle
 16080 | D:11     | XOM: 5-stop teleportation journey
 16188 | D:11     | XOM: stat loss: -1 Str (3/4)
 16191 | D:11     | a two-headed ogre changed into a slime creature
 16191 | D:11     | XOM: polymorph two-headed ogre -> slime creature
 16288 | D:11     | XOM: summons 2 hostile demons
 16519 | D:11     | Found a staircase to the Orcish Mines.
 16591 | D:11     | XOM: summons 7 hostile demons
 16932 | Lair:1   | Entered Level 1 of the Lair of Beasts
 17071 | Lair:1   | XOM: noise
 17573 | Lair:1   | XOM: give mutation
 17573 | Lair:1   | Lost mutation: Your spells are a little harder to cast, but
                  | a little more powerful. [Xom's mischief]
 18315 | Lair:2   | Reached skill level 5 in Shields
 18317 | Lair:2   | Reached XP level 13. HP: 58/93 MP: 0/0
 18317 | Lair:2   | Learned a level 5 spell: Fireball
 18732 | Lair:2   | XOM is BORED!
 18732 | Lair:2   | XOM: give mutations
 18732 | Lair:2   | Lost mutation: Your flesh is almost immune to the effects
                  | of heat. (rF+++) [Xom's mischief]
 18732 | Lair:2   | Gained mutation: You are partially covered in iridescent
                  | scales. (AC +2) [Xom's mischief]
 18907 | Lair:2   | XOM: summons 7 hostile demons
 19022 | Lair:2   | XOM: summons 1 hostile demon
 19181 | Lair:2   | Noticed mojasp's ghost (journeyman BaBr)
 19186 | Lair:2   | Found a transporter.
 19192 | Lair:2   | Found a bloodstained altar of Trog.
 19195 | Lair:2   | XOM: stat loss: -1 Str (3/4)
 19203 | Lair:2   | Found a transporter.
 19544 | Lair:3   | Gained mutation: Your mind is acute. (Int +4, Str/Dex -1)
                  | [hidden potential]
 19688 | Lair:2   | XOM: repel stairs
 19688 | Lair:2   | HP: 1/93 [skyshark (11)]
 19706 | Lair:2   | XOM: silly message
 19986 | Lair:2   | XOM: fog
 20153 | Lair:3   | XOM: confusion
 20183 | Lair:3   | XOM: silly message
 20212 | Lair:3   | XOM: give mutations
 20212 | Lair:3   | Lost mutation: You are agile. (Dex +4, Str/Int -1) [Xom's
                  | mischief]
 20212 | Lair:3   | Lost mutation: You occasionally lose the ability to drink
                  | potions when taking damage. [Xom's mischief]
 20212 | Lair:3   | Gained mutation: You are very weak. (Str -4) [Xom's
                  | mischief]
 20467 | Lair:3   | XOM: destruction
 20482 | Lair:3   | Noticed Sonja
 20490 | Lair:3   | Killed Sonja
 20798 | Lair:3   | XOM: 3-stop teleportation journey
 20837 | Lair:3   | XOM: summons 5 friendly demons
 20860 | Lair:3   | Noticed Gastronok
 21280 | Lair:3   | Identified a scroll of acquirement
 21291 | Lair:3   | Acquired a manual of Spellcasting
 21317 | Lair:3   | Found a hole to the Spider Nest.
 21447 | Lair:3   | Reached XP level 14. HP: 93/101 MP: 0/0
 21499 | Lair:3   | XOM: potion effect (berserk rage)
 21567 | Lair:3   | Killed Gastronok
 21590 | Lair:3   | XOM: god gift: scroll of vulnerability
 21941 | Lair:3   | Found a staircase to the Swamp.
 22175 | Lair:4   | Gained mutation: You are robust. (+10% HP) [hidden
                  | potential]
 22175 | Lair:4   | Lost mutation: You have hidden genetic potential. [hidden
                  | potential expressed]
 22190 | Lair:4   | Reached skill level 10 in Dodging
 22301 | Lair:3   | XOM: divination: detect creatures
 22454 | Lair:3   | Found a staircase to the Swamp.
 22603 | Lair:3   | XOM: silly message
 22608 | Lair:3   | XOM: god gift: amulet of regeneration
 22663 | Lair:3   | Found a hole to the Spider Nest.
 22969 | Lair:3   | XOM: god gift: 54 gold pieces
 23278 | Lair:4   | You are sucked into a shaft and drop 1 floor!
 23278 | Lair:5   | Entered Level 5 of the Lair of Beasts
 23380 | Lair:4   | Found a runed translucent door.
 23380 | Lair:4   | Found a shimmering altar of Xom.
 23380 | Lair:4   | Noticed Lipa's ghost (journeyman HOFi)
 23817 | Lair:4   | XOM: blink monster(s)
 23880 | Lair:4   | Reached skill level 15 in Spellcasting
 23939 | Lair:4   | Identified the ring of the Gloaming {Ice SInv}
 23978 | Lair:4   | XOM: summons friendly iron imp
 23985 | Lair:4   | Killed Lipa's ghost
 24216 | Lair:5   | XOM: noise
 24434 | Lair:5   | XOM: potion effect (berserk rage)
 24520 | Lair:5   | XOM: give mutation
 24520 | Lair:5   | Lost mutation: You are very weak. (Str -4) [Xom's grace]
 24587 | Lair:5   | Reached skill level 10 in Fighting
 24612 | Lair:5   | XOM: god gift: wand of paralysis (6)
 24793 | Lair:5   | Found a staircase to the Slime Pits.
 24793 | Lair:5   | Found a viscous altar of Jiyva.
 24796 | Lair:5   | XOM: cloud trail
 24945 | Lair:5   | XOM: divination: detect items
 25036 | Lair:5   | XOM is BORED!
 25036 | Lair:5   | XOM: summons 2 hostile demons
 25392 | Lair:5   | Reached XP level 15. HP: 108/117 MP: 0/0
 25392 | Lair:5   | Learned a level 6 spell: Statue Form
 25401 | Lair:5   | Found a one-way gate to the infinite horrors of the Abyss.
 25408 | Lair:5   | XOM: polymorph large abomination -> large abomination
 25476 | Lair:5   | Found a corrupted altar of Lugonu.
 25754 | Lair:5   | XOM: summons 8 hostile demons
 26769 | D:4      | Killed Dowan
 26771 | D:4      | Killed Duvessa
 27335 | D:12     | Found a hide-covered altar of Uskayaw.
 27343 | D:12     | XOM: 7-stop teleportation journey
 27528 | D:12     | XOM: 2-stop teleportation journey
 27822 | D:12     | Found a hide-covered altar of Uskayaw.
 27842 | D:12     | XOM: silly message
 28495 | Orc:1    | Entered Level 1 of the Orcish Mines
 28570 | Orc:1    | Found a runed translucent gate.
 28570 | Orc:1    | Found a runed translucent gate.
 28570 | Orc:1    | Found a runed translucent gate.
 28597 | Orc:1    | XOM: silly message
 28673 | Orc:1    | Noticed Kiciri's ghost (journeyman DsGl)
 28887 | Orc:1    | Found Siucisoo's Jewellery Boutique.
 28939 | Orc:1    | XOM: potion effect (invisibility)
 28945 | Orc:1    | Killed Kiciri's ghost
 29016 | Orc:2    | Entered Level 2 of the Orcish Mines
 29016 | Orc:2    | Found a staircase to the Elven Halls.
 29060 | Orc:2    | XOM: divination: detect creatures
 29160 | Orc:1    | XOM: noise
 29266 | Orc:1    | XOM: divination: detect items
 29394 | Orc:2    | XOM: fog
 29462 | Orc:2    | XOM: god gift: halberd {god gift}
 29745 | Orc:2    | XOM: stat loss: -1 Int (27/28)
 29865 | Orc:2    | Noticed an orc warlord
 29870 | Orc:2    | Killed an orc warlord
 29900 | Orc:2    | XOM: 4-stop teleportation journey
 30006 | Orc:2    | XOM: scenery: create altars
 30039 | Orc:2    | Found Puiniam's Armour Emporium.
 30346 | Orc:2    | Found Biry's General Store.
 30428 | Orc:2    | XOM: give mutation
 30428 | Orc:2    | Gained mutation: You expend health (3 HP) to strengthen
                  | your wands. [Xom's grace]
 30453 | Orc:2    | Found Ekunk's Antique Armour Shop.
 30457 | Orc:2    | Found Depliur's Antique Weapon Boutique.
 30469 | Orc:2    | Bought a bronze scale mail for 306 gold pieces
 30469 | Orc:2    | Identified the +7 scale mail "Ylugg" {rPois Str+5} (You
                  | bought it in a shop on level 2 of the Orcish Mines)
 30952 | D:13     | XOM: 1-stop teleportation journey
 31143 | D:13     | XOM: god gift: phial of floods
 31223 | D:13     | Noticed Kirke
 31230 | D:13     | Killed Kirke
 31262 | D:13     | XOM: give mutations
 31262 | D:13     | Gained mutation: Your mind is very acute. (Int +8, Str/Dex
                  | -2) [Xom's grace]
 31262 | D:13     | Gained mutation: You are somewhat resistant to further
                  | mutation. [Xom's grace]
 31266 | D:13     | XOM: scenery: 1 doors open, 1 doors close
 31305 | D:13     | XOM: smoke on damage
 31431 | D:13     | XOM: god gift: 25 gold pieces
 31466 | D:13     | XOM: summons friendly shadow imp
 31492 | D:13     | XOM: god gift: wand of iceblast (5)
 31593 | D:13     | Found a gate to the Vaults.
 31668 | D:14     | Reached XP level 16. HP: 89/126 MP: 0/0
 31683 | D:14     | XOM: 2-stop teleportation journey
 31844 | D:14     | Identified the +7 chain mail of the Hot Ocelot {rF- rN+
                  | Will+ Stlth+}
 32106 | D:14     | XOM: give mutation
 32106 | D:14     | Lost mutation: You have very sharp teeth. [Xom's mischief]
 32139 | D:14     | Identified the +0 scale mail "Suschemecw" {rF+ Dex+4}
 32522 | D:15     | Entered Level 15 of the Dungeon
 32546 | D:15     | XOM: swap monsters
 32620 | D:15     | XOM: noise
 32727 | D:15     | XOM: chaos cloud
 32729 | D:15     | Paralysed by you for 2 turns
 32739 | D:15     | XOM: chaos upgrade
 32779 | D:14     | XOM: stat loss: -1 Dex (17/18)
 32907 | D:15     | Identified the +5 rapier of Cifauwk {flame, Fragile rElec
                  | rN+ Int+2}
 32908 | D:15     | XOM: torment (65/127 hp)
 33048 | D:15     | Found Geruyhyt's Antique Armour Shop.
 33113 | D:15     | Identified the +6 dire flail of Propriety {flame, Drain
                  | rPois rF- rC+++}
 33398 | D:15     | XOM: chaos cloud
 33405 | D:15     | XOM: silly message
 33511 | D:15     | XOM: cloud trail
 33605 | D:15     | Found a staircase to the Depths.
 33609 | D:15     | XOM: cleaving
 33840 | Spider:1 | Entered Level 1 of the Spider Nest
 33856 | Spider:1 | Noticed Mlioglotl
 33861 | Spider:1 | Killed Mlioglotl
 33888 | Spider:1 | Noticed Louise
 33892 | Spider:1 | Killed Louise
 33909 | Spider:1 | Found a runed translucent door.
 33909 | Spider:1 | Noticed CryoSword's ghost (adept DsFi)
 33910 | Spider:1 | Found a shimmering altar of Xom.
 34253 | Spider:1 | XOM: summons 9 hostile demons
 34567 | Spider:2 | Noticed Jorgrun
 34573 | Spider:2 | Killed Jorgrun
 34679 | Spider:2 | XOM: scenery: summon butterflies
 34754 | Spider:2 | Reached XP level 17. HP: 90/135 MP: 0/0
 34754 | Spider:2 | Learned a level 6 spell: Summon Cactus Giant
 34770 | Spider:2 | XOM: summons 3 hostile demons
 35238 | Spider:2 | XOM: noise
 35397 | Spider:1 | XOM: 4-stop teleportation journey
 35411 | Spider:1 | XOM: give mutations
 35411 | Spider:1 | Gained mutation: You are strong-willed. (Will+) [Xom's
                  | grace]
 35630 | Spider:1 | Identified the +1 battleaxe of Sloth {freeze, Int+3}
 36053 | Spider:1 | XOM: summons 2 friendly demons
 36068 | Spider:1 | Killed CryoSword's ghost
 36126 | Spider:1 | Identified the staff of fire "Xoavalei" {rF+ Int+2}
 36708 | Spider:2 | XOM: noise
 36802 | Spider:3 | XOM: 1-stop teleportation journey
 36983 | Spider:3 | XOM: 1-stop teleportation journey
 37199 | Spider:3 | XOM: god gift: 16 gold pieces
 37234 | Spider:3 | XOM: give mutations
 37234 | Spider:3 | Lost mutation: You expend health (3 HP) to strengthen your
                  | wands. [Xom's mischief]
 37234 | Spider:3 | Lost mutation: You have a pair of small antennae on your
                  | head. [Xom's mischief]
 37234 | Spider:3 | Lost mutation: Armour fits poorly on your strangely shaped
                  | body. [Xom's mischief]
 37670 | Spider:3 | XOM: polymorph cactus giant -> wandering mushroom
 37846 | Spider:3 | XOM: summons 8 hostile demons
 37954 | Spider:3 | XOM: give mutation
 37954 | Spider:3 | Gained mutation: Your body sometimes deteriorates upon
                  | taking damage. [Xom's mischief]
 38360 | Spider:4 | Entered Level 4 of the Spider Nest
 38442 | Spider:4 | Noticed Arachne
 38508 | Spider:4 | Reached XP level 18. HP: 113/145 MP: 0/0
 38524 | Spider:4 | XOM: confuse monster(s)
 38634 | Spider:4 | XOM: enchant monster (good)
 38819 | Spider:2 | XOM: 2-stop teleportation journey
 39000 | Spider:4 | Killed Arachne
 39162 | Spider:4 | XOM: give mutations
 39162 | Spider:4 | Lost mutation: You are somewhat resistant to further
                  | mutation. [Xom's grace]
 39162 | Spider:4 | Gained mutation: You have hidden genetic potential. [Xom's
                  | grace]
 39162 | Spider:4 | Gained mutation: You have a pair of small horns on your
                  | head. [Xom's grace]
 39162 | Spider:4 | Gained mutation: You are mostly covered in iridescent
                  | scales. (AC +4) [Xom's grace]
 39162 | Spider:4 | Gained mutation: You expend health (3 HP) to strengthen
                  | your wands. [Xom's grace]
 39213 | Spider:4 | Identified the +0 scale mail "Viulodo" {+Blink rPois Dex+3}
 39306 | Spider:4 | XOM: give mutation
 39306 | Spider:4 | Lost mutation: Your mind is very acute. (Int +8, Str/Dex
                  | -2) [Xom's mischief]
 39316 | Spider:4 | XOM: 8-stop teleportation journey
 39539 | Spider:4 | XOM: cleaving
 39737 | Spider:4 | XOM: summons 3 hostile shadow creatures
 39819 | Spider:4 | Got a gossamer rune of Zot
 40157 | Elf:1    | Entered Level 1 of the Elven Halls
 40205 | Elf:1    | XOM: smoke on damage
 40215 | Elf:1    | XOM: cloud trail
 40231 | Elf:1    | XOM is BORED!
 40231 | Elf:1    | XOM: 1-stop teleportation journey
 40323 | Elf:1    | Identified Roxanne's Dissertation on Flesh
 40323 | Elf:1    | Noticed Roxanne
 40326 | Elf:1    | XOM: god gift: 9 gold pieces
 40639 | Elf:1    | Paralysed by an air elemental for 1 turns
 40644 | Elf:1    | Paralysed by an air elemental for 1 turns
 40646 | Elf:1    | Paralysed by an air elemental for 1 turns
 40678 | Elf:1    | XOM: summons 5 hostile demons
 40793 | Elf:1    | Found Piyso's Antique Armour Boutique.
 40884 | Elf:1    | Found a runed translucent gate.
 40884 | Elf:1    | Found a runed translucent gate.
 40885 | Elf:1    | Found a runed translucent gate.
 40888 | Elf:1    | Noticed jrbgvjkr's ghost (adept MiFi)
 40888 | Elf:1    | Noticed Reazxylo's ghost (adept MiBe)
 40888 | Elf:1    | XOM: cast spell 'Monstrous Menagerie'
 41064 | Elf:1    | Reached skill level 15 in Fighting
 41064 | Elf:1    | Reached XP level 19. HP: 147/157 MP: 0/0
 41064 | Elf:1    | Learned a level 6 spell: Plasma Beam
 41206 | Elf:1    | XOM: summons 6 friendly demons
 41212 | Elf:1    | Reached skill level 10 in Shields
 41279 | Elf:1    | Found a runed translucent gate.
 41279 | Elf:1    | Found a runed translucent gate.
 41279 | Elf:1    | Found a runed translucent gate.
 41279 | Elf:1    | Found a runed translucent gate.
 41279 | Elf:1    | Found a runed translucent gate.
 41279 | Elf:1    | Found the +3 pair of seven-league boots {Rampage+∞}
 41280 | Elf:1    | Found a runed translucent gate.
 41602 | Elf:1    | XOM: scenery: 2 fountains blood, 3 doors open, 1 doors
                  | close
 41609 | Elf:1    | XOM: cast spell 'Monstrous Menagerie'
 41613 | Elf:1    | Killed Reazxylo's ghost
 41614 | Elf:1    | Killed jrbgvjkr's ghost
 41645 | Elf:1    | XOM: god gift: 18 gold pieces
 41826 | Swamp:1  | Entered Level 1 of the Swamp
 42170 | Swamp:1  | Gained mutation: You are resistant to electric shocks.
                  | (rElec) [hidden potential]
 42424 | Swamp:1  | XOM: give mutation
 42424 | Swamp:1  | Gained mutation: You are very robust. (+20% HP) [Xom's
                  | mischief]
 42615 | Swamp:2  | XOM: give mutations
 42615 | Swamp:2  | Gained mutation: A frigid envelope surrounds you and
                  | freezes all who hurt you. [Xom's grace]
 42615 | Swamp:2  | Gained mutation: You have a pair of horns on your head.
                  | [Xom's grace]
 42615 | Swamp:2  | Gained mutation: You are agile. (Dex +4, Str/Int -1) [Xom's
                  | grace]
 42650 | Swamp:2  | XOM: enchant monster (bad)
 42806 | Swamp:2  | XOM: god gift: scroll of vulnerability
 42817 | Swamp:2  | XOM: give mutations
 42817 | Swamp:2  | Lost mutation: You have a pair of horns on your head.
                  | [Xom's mischief]
 42817 | Swamp:2  | Lost mutation: You are strong-willed. (Will+) [Xom's
                  | mischief]
 42939 | Swamp:2  | XOM: 4-stop teleportation journey
 42940 | Swamp:2  | XOM: enchant monster (good)
 43172 | Swamp:2  | XOM: give mutations
 43172 | Swamp:2  | Gained mutation: Your flesh is almost immune to the effects
                  | of heat. (rF+++) [Xom's grace]
 43172 | Swamp:2  | Gained mutation: Your natural rate of healing is unusually
                  | fast. [Xom's grace]
 43172 | Swamp:2  | Gained mutation: You have great hidden genetic potential.
                  | [Xom's grace]
 43200 | Swamp:2  | XOM: stat loss: -1 Int (27/28)
 43635 | Swamp:3  | Found the +8 demon trident "Rift" {distort, reach+}
 43754 | Swamp:3  | Identified the amulet "Haplorom" {rC+ Regen+ Int+2 Dex+4
                  | Stlth+}
 43902 | Swamp:4  | Entered Level 4 of the Swamp
 43903 | Swamp:4  | XOM: scenery: summon butterflies
 44102 | Swamp:3  | XOM is BORED!
 44102 | Swamp:3  | XOM: summons 10 hostile demons
 44197 | Swamp:4  | Noticed Mara
 44200 | Swamp:4  | Killed Mara
 44209 | Swamp:4  | XOM: noise
 44309 | Swamp:4  | Noticed Bai Suzhen
 44315 | Swamp:4  | Killed Bai Suzhen
 44484 | Swamp:4  | Reached XP level 20. HP: 176/184 MP: 0/0
 44531 | Swamp:4  | XOM: give mutations
 44531 | Swamp:4  | Lost mutation: Your natural rate of healing is unusually
                  | fast. [Xom's mischief]
 44531 | Swamp:4  | Lost mutation: You are very robust. (+20% HP) [Xom's
                  | mischief]
 44531 | Swamp:4  | Lost mutation: Your flesh is almost immune to the effects
                  | of heat. (rF+++) [Xom's mischief]
 44802 | Swamp:4  | XOM is BORED!
 44802 | Swamp:4  | XOM: 1-stop teleportation journey
 45116 | Swamp:4  | Got a decaying rune of Zot
 45312 | Swamp:4  | Gained mutation: Your flesh is almost immune to the effects
                  | of heat. (rF+++) [hidden potential]
 45312 | Swamp:4  | Lost mutation: You have great hidden genetic potential.
                  | [hidden potential expressed]
 45539 | D:11     | XOM: summons 2 hostile demons
 45632 | Elf:1    | XOM: chaos cloud
 45639 | Elf:1    | Killed Roxanne
 45728 | Elf:2    | XOM: 1-stop teleportation journey
 45762 | Elf:2    | Found a crumbling gateway.
 45786 | Desolati | Entered the Desolation of Salt
 46114 | Desolati | Identified the amulet "Ofonn" {Reflect rN+ SH+5}
 46142 | Desolati | XOM: 1-stop teleportation journey
 46168 | Desolati | XOM: 2-stop teleportation journey
 46178 | Desolati | XOM: chaos cloud
 46182 | Desolati | XOM: swap monsters
 46288 | Desolati | Identified the ring of the Wild Haggis {rF+ rN+}
 46365 | Desolati | Identified the +6 plate armour "Peig" {Slay+5}
 46451 | Desolati | XOM: 1-stop teleportation journey
 46452 | Desolati | XOM: enchant monster (bad)
 46506 | Desolati | XOM: 1-stop teleportation journey
 46609 | Desolati | Identified the ring "Vaczo" {Ice rElec rCorr Str-3 Slay+2}
 46698 | Desolati | XOM: cloud trail
 46772 | Desolati | Identified the staff of cold "Xenoddac" {rC+ rN+ rCorr
                  | Str+3}
 47374 | Elf:2    | XOM: cast spell 'Summon Ice Beast'
 47583 | Elf:2    | XOM: 1-stop teleportation journey
 47671 | Elf:2    | Reached XP level 21. HP: 167/177 MP: 0/0
 47671 | Elf:2    | Learned a level 8 spell: Infestation
 47705 | Elf:2    | Found a runed translucent gate.
 47706 | Elf:2    | Found a runed translucent gate.
 47706 | Elf:2    | Found a runed translucent gate.
 47812 | Elf:3    | Entered Level 3 of the Elven Halls
 48035 | Vaults:1 | Entered Level 1 of the Vaults
 48125 | Vaults:1 | Found Erroun's Distillery.
 48133 | Vaults:1 | Bought a potion of heal wounds for 75 gold pieces
 48133 | Vaults:1 | Bought a potion of heal wounds for 75 gold pieces
 48133 | Vaults:1 | Bought a potion of heal wounds for 75 gold pieces
 48133 | Vaults:1 | Bought 2 potions of heal wounds for 150 gold pieces
 48164 | Vaults:1 | XOM: noise
 48811 | Vaults:1 | Gained mutation: Your spells are a little harder to cast,
                  | but a little more powerful. [hidden potential]
 48842 | Vaults:1 | Found Daocku's Antique Weapon Shop.
 48981 | Vaults:1 | XOM: 7-stop teleportation journey
 49092 | Vaults:1 | Noticed Saint Roka
 49099 | Vaults:1 | Killed Saint Roka
 49118 | Vaults:1 | Found Molics's Antique Weapon Shoppe.
 49118 | Vaults:1 | XOM: 6-stop teleportation journey
 49253 | Vaults:1 | Found Luupyibb's Assorted Antiques.
 49474 | Vaults:1 | XOM: 2-stop teleportation journey
 49540 | Vaults:1 | Noticed Nikola
 49543 | Vaults:1 | Killed Nikola
 49574 | Vaults:1 | Found Enaetr Yreck's Magic Scroll Shoppe.
 50283 | Elf:3    | Found Voimy's Distillery.
 50593 | Elf:3    | XOM: 1-stop teleportation journey
 50866 | Elf:3    | XOM: give mutations
 50866 | Elf:3    | Gained mutation: Your mind is very acute. (Int +8, Str/Dex
                  | -2) [Xom's grace]
 50866 | Elf:3    | Gained mutation: You are completely covered in iridescent
                  | scales. (AC +6) [Xom's grace]
 50866 | Elf:3    | Gained mutation: You are partially covered in large bone
                  | plates. (SH +4) [Xom's grace]
 50866 | Elf:3    | Gained mutation: You passively dampen the noise of your
                  | surroundings. [Xom's grace]
 50986 | Elf:3    | XOM: 4-stop teleportation journey
 51127 | Elf:3    | Reached XP level 22. HP: 181/185 MP: 0/0
 51612 | Elf:3    | Identified the amulet of Cilorel {-Tele rC++ Regen+ Int+6
                  | Stlth+}
 51656 | Elf:3    | XOM: summons 12 hostile demons
 51769 | Elf:3    | XOM: divination: detect creatures
 51857 | Elf:3    | Identified the +2 great mace "Zowennea" {protect, Fly rC-
                  | rCorr Int+4}
 52056 | Elf:3    | Found the +6 lightning scales {swift, rElec}
 52060 | Elf:3    | XOM: summons 1 hostile shadow creature
 52080 | Elf:3    | Reached skill level 15 in Shields
 52086 | Elf:3    | XOM: give mutations
 52086 | Elf:3    | Lost mutation: You expend health (3 HP) to strengthen your
                  | wands. [Xom's mischief]
 52086 | Elf:3    | Lost mutation: A frigid envelope surrounds you and freezes
                  | all who hurt you. [Xom's mischief]
 52132 | Elf:3    | XOM is BORED!
 52181 | Elf:3    | Identified the +1 helmet of Nemelex Xobeh's Hope {Regen+
                  | rCorr Dex-3}
 52192 | Elf:3    | Identified the +14 plate armour "Naischeen" {+Inv rF+ rC+}
 52197 | Elf:3    | Identified the +6 hand axe of the Shouting Wolf {freeze,
                  | Dex+4}
 52201 | Elf:3    | Identified the +10 falchion of Autumn {protect, Int+2}
 52483 | Elf:3    | XOM: torment (95/187 hp)
 52776 | D:13     | XOM: summons 1 hostile shadow creature
 52959 | Vaults:1 | XOM: silly message
 53018 | Vaults:1 | XOM: give mutations
 53018 | Vaults:1 | Lost mutation: You have hidden genetic potential. [Xom's
                  | mischief]
 53018 | Vaults:1 | Lost mutation: Potions are less effective at restoring your
                  | health. [Xom's mischief]
 53018 | Vaults:1 | Lost mutation: You are robust. (+10% HP) [Xom's mischief]
 53069 | Vaults:2 | Found a portal to a secret trove of treasure.
 53159 | D:13     | XOM: give mutations
 53159 | D:13     | Gained mutation: You are very agile. (Dex +8, Str/Int -2)
                  | [Xom's mischief]
 53159 | D:13     | Lost mutation: You have a pair of small horns on your head.
                  | [Xom's mischief]
 53159 | D:13     | Lost mutation: You are resistant to electric shocks.
                  | (rElec) [Xom's mischief]
 53250 | D:11     | Acquired the ring "Hiachega" {rElec rC+++ Str-5 Int+3 SInv}
 53323 | D:11     | Acquired 1035 gold pieces
 53755 | Vaults:2 | Reached skill level 1 in Long Blades
 53951 | Vaults:2 | XOM is BORED!
 53951 | Vaults:2 | XOM: noise
 54097 | Vaults:2 | XOM: summons 4 hostile shadow creatures
 54203 | Vaults:2 | XOM: scenery: 2 doors close
 54490 | Vaults:2 | XOM: god gift: 25 gold pieces
 54556 | Vaults:2 | XOM: god gift: robe {god gift}
 54581 | Vaults:2 | XOM: give mutation
 54581 | Vaults:2 | Gained mutation: Your skin changes colour to match your
                  | surroundings (Stealth+). [Xom's grace]
 54615 | Vaults:2 | Noticed a bone dragon
 54621 | Vaults:2 | Killed a bone dragon
 54635 | Vaults:2 | Found a staircase to the Crypt.
 54869 | Vaults:3 | Reached XP level 23. HP: 168/178 MP: 0/0
 54869 | Vaults:3 | Learned a level 8 spell: Discord
 55089 | Vaults:3 | Found a magical portal.
 55104 | WizLab   | Entered Maxwell's Workshop
 55183 | WizLab   | Identified the ring "Kaolouch" {Ice rElec Will+ Int+5}
 55185 | WizLab   | Identified the ring of Wumopouf {Ice rElec rPois rCorr
                  | Int-3}
 55187 | WizLab   | Identified the ring "Aptentep" {Ice Fly rPois Int+3 Stlth+}
 55582 | WizLab   | Found the +2 Maxwell's thermic engine {flame, freeze, rev}
 56004 | Vaults:3 | XOM: cloud trail
 56037 | Vaults:3 | XOM: god gift: glowing scale mail {god gift}
 56362 | Vaults:3 | Reached skill level 5 in Long Blades
 56362 | Vaults:3 | XOM: noise
 56692 | Vaults:3 | XOM: draining
 56716 | Vaults:4 | Found Sicvyage's Magic Scroll Shoppe.
 56721 | Vaults:4 | Bought a scroll of magic mapping for 97 gold pieces
 56721 | Vaults:4 | Bought a scroll of teleportation for 39 gold pieces
 56721 | Vaults:4 | Bought a scroll of magic mapping for 97 gold pieces
 56865 | Vaults:4 | Noticed Margery
 56871 | Vaults:4 | Killed Margery
 57053 | Vaults:4 | Reached XP level 24. HP: 177/187 MP: 0/0
 57379 | Vaults:4 | XOM: noise
 57455 | Vaults:4 | XOM is BORED!
 57455 | Vaults:4 | XOM: give mutations
 57455 | Vaults:4 | Lost mutation: Your body sometimes deteriorates upon taking
                  | damage. [Xom's mischief]
 57455 | Vaults:4 | Lost mutation: You are partially covered in large bone
                  | plates. (SH +4) [Xom's mischief]
 57455 | Vaults:4 | Gained mutation: You are frail. (-10% HP) [Xom's mischief]
 57455 | Vaults:4 | Lost mutation: Your flesh is almost immune to the effects
                  | of heat. (rF+++) [Xom's mischief]
 57500 | Vaults:4 | XOM: draining
 57526 | Vaults:4 | XOM: 3-stop teleportation journey
 57889 | Vaults:4 | Noticed a dread lich
 57893 | Vaults:4 | XOM: noise
 57898 | Vaults:4 | Killed a dread lich
 57900 | Vaults:4 | Noticed a dread lich
 57906 | Vaults:4 | Killed a dread lich
 57970 | Vaults:4 | Acquired the ring "Omerchu" {Will+ rCorr SInv}
 58327 | D:11     | XOM: god gift: potion of curing
 58472 | Lair:2   | Killed mojasp's ghost
 58687 | Depths:1 | Entered Level 1 of the Depths
 58764 | Depths:1 | XOM: give mutations
 58764 | Depths:1 | Lost mutation: You are frail. (-10% HP) [Xom's mischief]
 58764 | Depths:1 | Lost mutation: You are completely covered in iridescent
                  | scales. (AC +6) [Xom's mischief]
 58790 | Depths:1 | Found a one-way gateway to a ziggurat.
 58790 | Depths:1 | XOM: 2-stop teleportation journey
 58956 | Depths:1 | Found a gateway to Hell.
 59405 | Depths:1 | Found a shimmering altar of Xom.
 59472 | Depths:1 | Identified the +1 long sword of Mepriu {pain, rElec rC++
                  | rCorr Stlth-}
 59476 | Depths:1 | Found Etsepn's Antique Artefacts.
 59483 | Depths:1 | Bought a bound golden ring for 200 gold pieces
 59483 | Depths:1 | Identified the ring "Unit" {+Blink rPois rN+ MP+9} (You
                  | bought it in a shop on level 1 of the Depths)
 59483 | Depths:1 | Bought a dull robe for 228 gold pieces
 59483 | Depths:1 | Identified the +2 robe of Zesuof {rC- rN+ Will++ Int+3}
                  | (You bought it in a shop on level 1 of the Depths)
 59483 | Depths:1 | Bought a smoking jade ring for 200 gold pieces
 59483 | Depths:1 | Identified the ring "Asiziub" {AC+4 Str+3 Dex+3} (You
                  | bought it in a shop on level 1 of the Depths)
 59483 | Depths:1 | Bought a fine bronze amulet for 200 gold pieces
 59483 | Depths:1 | Identified the amulet of Alez {Acrobat *Corrode +Blink
                  | Regen+ Int+6} (You bought it in a shop on level 1 of the
                  | Depths)
 59483 | Depths:1 | Bought a shimmering crystal amulet for 200 gold pieces
 59483 | Depths:1 | Identified the amulet of the Peasants {Faith -Tele Harm
                  | Will+ Dex+4} (You bought it in a shop on level 1 of the
                  | Depths)
 59579 | Depths:1 | Found a one-way gate leading to the halls of Pandemonium.
 59709 | Depths:1 | Bought a pitted leather armour for 280 gold pieces
 59709 | Depths:1 | Identified the +0 leather armour of Kayqyd {rElec Str+4
                  | Slay-4 Stlth+} (You bought it in a shop on level 1 of the
                  | Depths)
 59709 | Depths:1 | Bought a crude leather armour for 280 gold pieces
 59709 | Depths:1 | Identified the +3 leather armour "Plog" {SInv} (You bought
                  | it in a shop on level 1 of the Depths)
 59833 | Depths:2 | Reached XP level 25. HP: 190/196 MP: 0/0
 59833 | Depths:2 | Learned a level 8 spell: Ignition
 60256 | Depths:2 | XOM: summons 5 hostile demons
 60260 | Depths:2 | XOM: polymorph iron imp -> quasit
 60412 | Depths:2 | You are sucked into a shaft and drop 2 floors!
 60412 | Depths:4 | Entered Level 4 of the Depths
 60427 | Depths:4 | XOM: summons 2 friendly demons
 60540 | Depths:4 | XOM: god gift: sling {god gift}
 60729 | Depths:4 | XOM: god gift: potion of attraction
 60768 | Depths:3 | XOM: give mutations
 60768 | Depths:3 | Gained mutation: You have a pair of small horns on your
                  | head. [Xom's grace]
 60768 | Depths:3 | Gained mutation: You are resistant to electric shocks.
                  | (rElec) [Xom's grace]
 60826 | Depths:2 | XOM: god gift: glowing battleaxe {god gift}
 60837 | Depths:2 | XOM: cloud trail
 61004 | D:11     | XOM: divination: detect items
 61034 | D:11     | XOM: god gift: 34 gold pieces
 61114 | Vaults:1 | XOM: scenery: 1 doors open, 1 doors close
 61167 | Vaults:2 | You paid a toll of +3 gold dragon scales to enter a
                  | treasure trove
 61168 | Trove    | Entered a treasure trove
 61171 | Trove    | Found the +7 Kryia's mail coat {PotionHeal*2 rC+}
 61172 | Trove    | Identified the +1 swamp dragon scales of Casil {rPois Str+3
                  | Dex+2}
 61174 | Trove    | Identified the +0 pair of gloves of Xofual {+Inv Fly
                  | Slay+3}
 61187 | Trove    | Identified the +1 plate armour of Miracles {Str+2 Int+2
                  | Dex+4 Slay+2}
 61188 | Trove    | Identified the +0 tower shield of Hopscotch {rN+ Regen+
                  | Stlth+}
 61216 | Trove    | Identified the +3 cloak of the Spider Nest {Harm rPois
                  | Int+2 Stlth-}
 61221 | Trove    | Identified the +5 plate armour "Paejeroi" {rC+ Str+5}
 61589 | Depths:2 | Noticed a juggernaut
 61592 | Depths:2 | Killed a juggernaut
 61639 | Depths:2 | Noticed a caustic shrike
 61653 | Depths:2 | Noticed a caustic shrike
 61657 | Depths:2 | Killed a caustic shrike
 61698 | Depths:2 | XOM: god gift: 28 gold pieces
 61721 | Depths:2 | Noticed a caustic shrike
 61729 | Depths:2 | Killed a caustic shrike
 61746 | Depths:2 | XOM: stat loss: -1 Dex (19/20)
 61754 | Depths:2 | Noticed a juggernaut
 61755 | Depths:2 | Killed a juggernaut
 61772 | Depths:2 | XOM: god gift: scroll of enchant weapon
 61938 | Depths:2 | Reached skill level 10 in Long Blades
 61962 | Depths:2 | XOM: confuse monster(s)
 61973 | Depths:2 | Killed a caustic shrike
 62105 | Depths:2 | Noticed a juggernaut
 62108 | Depths:2 | Killed a juggernaut
 62120 | Depths:2 | XOM: noise
 62124 | Depths:2 | Noticed a juggernaut
 62127 | Depths:2 | Killed a juggernaut
 62283 | Depths:2 | XOM: god gift: leather armour {god gift}
 62361 | Depths:2 | Identified the staff of fire "Udautz" {rElec rF+}
 62614 | Depths:2 | XOM: scenery: summon butterflies
 62660 | Depths:3 | XOM: god gift: 23 gold pieces
 62676 | Depths:3 | Reached XP level 26. HP: 203/207 MP: 0/0
 63022 | Depths:3 | XOM is BORED!
 63046 | Depths:3 | Found a burning altar of Makhleb.
 63055 | Depths:3 | Found a glowing golden altar of the Shining One.
 63174 | Depths:3 | Noticed a juggernaut
 63185 | Depths:3 | Noticed Xtahua
 63264 | Depths:3 | Identified the +5 buckler of Enuph {Harm}
 63321 | Depths:3 | Killed Xtahua
 63347 | Depths:3 | XOM: butterfly on damage
 63350 | Depths:3 | Killed a juggernaut
 63378 | Depths:3 | XOM: summons 1 hostile shadow creature
 63619 | Depths:3 | XOM: give mutations
 63619 | Depths:3 | Gained mutation: You are covered in fur. (AC +1) [Xom's
                  | grace]
 63619 | Depths:3 | Gained mutation: You expend health (3 HP) to strengthen
                  | your wands. [Xom's grace]
 63808 | Depths:4 | XOM: give mutations
 63808 | Depths:4 | Gained mutation: You are strong-willed. (Will+) [Xom's
                  | grace]
 63808 | Depths:4 | Gained mutation: Your spells are harder to cast, but more
                  | powerful. [Xom's grace]
 63808 | Depths:4 | Gained mutation: You have a pair of horns on your head.
                  | [Xom's grace]
 63950 | Depths:4 | Found a gate to the Realm of Zot.
 64242 | D:11     | XOM: god gift: 2 javelins
 64401 | Slime:1  | Entered Level 1 of the Pits of Slime
 64798 | Slime:4  | XOM: silly message
 64889 | Slime:4  | XOM: noise
 65050 | Slime:4  | XOM: 4-stop teleportation journey
 65267 | Slime:5  | Entered Level 5 of the Pits of Slime
 65305 | Slime:5  | Noticed the Royal Jelly
 65307 | Slime:5  | Killed the Royal Jelly
 65752 | Slime:5  | Identified the amulet "Poar" {rN+ Regen+ Dex+3}
 65755 | Slime:5  | Identified the +8 arbalest of Makhleb, Charming {elec,
                  | rPois rN+ SInv}
 65773 | Slime:5  | Identified the ring of Checkmate {rF++ rC- Dex+6}
 65790 | Slime:5  | Got a slimy rune of Zot
 65824 | Slime:5  | Identified the ring of Cunysir {Fly rC+ SInv}
 65828 | Slime:5  | Identified the ring of Zaqije {Fly rF+ Int+2}
 65870 | Slime:5  | Identified the +9 flail "Keustul" {elec, Will+ Int+2}
 66232 | Lair:3   | XOM: 4-stop teleportation journey
 66690 | Crypt:1  | Entered Level 1 of the Crypt
 66761 | Vaults:2 | XOM is BORED!
 66761 | Vaults:2 | XOM: give mutations
 66761 | Vaults:2 | Lost mutation: You expend health (3 HP) to strengthen your
                  | wands. [Xom's mischief]
 66761 | Vaults:2 | Lost mutation: Your spells are harder to cast, but more
                  | powerful. [Xom's mischief]
 66761 | Vaults:2 | Lost mutation: You are strong-willed. (Will+) [Xom's
                  | mischief]
 66790 | Vaults:2 | XOM: give mutations
 66790 | Vaults:2 | Lost mutation: You passively dampen the noise of your
                  | surroundings. [Xom's mischief]
 66790 | Vaults:2 | Lost mutation: You have a pair of horns on your head.
                  | [Xom's mischief]
 66790 | Vaults:2 | Lost mutation: Your skin changes colour to match your
                  | surroundings (Stealth+). [Xom's mischief]
 66849 | Crypt:1  | XOM: summons 1 hostile shadow creature
 66857 | Crypt:1  | Reached XP level 27. HP: 212/218 MP: 0/0
 66857 | Crypt:1  | Learned a level 9 spell: Death's Door
 67057 | Vaults:5 | Entered Level 5 of the Vaults
 67188 | Vaults:5 | Noticed a juggernaut
 67190 | Vaults:5 | Killed a juggernaut
 67221 | Vaults:5 | Noticed a dread lich
 67221 | Vaults:5 | XOM: 1-stop teleportation journey
 67240 | Vaults:5 | XOM: polymorph deep elf sorcerer -> stone giant
 67329 | Vaults:5 | Noticed a dread lich
 67332 | Vaults:5 | Killed a dread lich
 67778 | Vaults:5 | XOM: summons 9 hostile demons
 67782 | Vaults:5 | XOM: polymorph ufetubus -> shadow imp
 67783 | Vaults:5 | XOM: confusion (+ monsters)
 67794 | Vaults:5 | Killed a dread lich
 67801 | Vaults:5 | Identified the ring of the Secret Xenops {*Slow Fly EV+5
                  | Dex+8 Slay-3}
 67973 | Vaults:5 | Identified the +2 robe "Ylicvuumm" {Fly rF+++ Str-5
                  | Archmagi}
 68465 | Vaults:5 | Found Xobouk's Book Boutique.
 68470 | Vaults:5 | Identified the staff of earth "Ocvoheaj" {Stlth+}
 68477 | Vaults:5 | Identified the +1 rapier "Newtbane" {flame, rC++ Dex-2}
 68567 | Vaults:5 | Identified the staff of earth "Goipa" {rElec Stlth+}
 68568 | Vaults:5 | Identified the +1 chain mail of Objectivity {SInv}
 68807 | Vaults:5 | Identified the +0 ring mail of Acla {Slay+6}
 68921 | Vaults:5 | Got a silver rune of Zot
 70047 | Elf:1    | XOM: silly message
 70303 | Depths:3 | XOM: give mutation
 70333 | Zot:1    | Entered Level 1 of the Realm of Zot
 70368 | Depths:3 | XOM: noise
 70531 | Vaults:1 | Bought a potion of resistance for 150 gold pieces
 70531 | Vaults:1 | Bought a potion of curing for 45 gold pieces
 70531 | Vaults:1 | Bought a potion of cancellation for 120 gold pieces
 70531 | Vaults:1 | Bought a potion of mutation for 120 gold pieces
 70612 | Vaults:1 | Bought a scroll of fear for 52 gold pieces
 70612 | Vaults:1 | Bought a scroll of teleportation for 39 gold pieces
 70612 | Vaults:1 | Bought a scroll of silence for 123 gold pieces
 70612 | Vaults:1 | Bought a scroll of butterflies for 52 gold pieces
 70657 | Vaults:1 | Bought a potion of heal wounds for 180 gold pieces
 70657 | Vaults:1 | Bought a potion of heal wounds for 180 gold pieces
 70668 | Vaults:1 | XOM: cloud trail
 70830 | D:11     | Bought a potion of mutation for 112 gold pieces
 70830 | D:11     | Bought a potion of haste for 140 gold pieces
 70830 | D:11     | Bought a potion of curing for 42 gold pieces
 70830 | D:11     | Bought a potion of heal wounds for 70 gold pieces
 70861 | D:11     | Bought a potion of haste for 130 gold pieces
 70861 | D:11     | Bought a potion of berserk rage for 65 gold pieces
 70861 | D:11     | Bought 2 potions of curing for 78 gold pieces
 70861 | D:11     | Bought a potion of heal wounds for 65 gold pieces
 70878 | D:11     | Bought a scroll of blinking for 127 gold pieces
 70878 | D:11     | Bought a scroll of teleportation for 51 gold pieces
 70878 | D:11     | Bought a scroll of fog for 68 gold pieces
 70972 | D:10     | XOM: give mutations
 70972 | D:10     | Lost mutation: Your spells are a little harder to cast, but
                  | a little more powerful. [Xom's mischief]
 70972 | D:10     | Lost mutation: You are mostly covered in iridescent scales.
                  | (AC +4) [Xom's mischief]
 70988 | D:10     | Bought a scroll of blinking for 112 gold pieces
 70988 | D:10     | Bought a potion of ambrosia for 120 gold pieces
 70988 | D:10     | Bought a potion of curing for 45 gold pieces
 70988 | D:10     | Bought a potion of brilliance for 60 gold pieces
 71210 | Elf:3    | Bought a potion of heal wounds for 55 gold pieces
 71210 | Elf:3    | Bought a potion of haste for 110 gold pieces
 71210 | Elf:3    | Bought a potion of curing for 33 gold pieces
 71210 | Elf:3    | Bought a potion of haste for 110 gold pieces
 71210 | Elf:3    | Bought 2 potions of haste for 220 gold pieces
 71603 | Vaults:3 | XOM is BORED!
 71618 | Vaults:4 | Bought a scroll of fear for 52 gold pieces
 71618 | Vaults:4 | Bought a scroll of enchant armour for 97 gold pieces
 72018 | Zot:1    | XOM: 3-stop teleportation journey
 72058 | Zot:1    | Reached skill level 5 in Armour
 73013 | Zot:2    | XOM: draining
 73071 | Zot:2    | Noticed a Killer Klown
 73071 | Zot:2    | XOM: 1-stop teleportation journey
 73072 | Zot:2    | XOM: enchant monster (bad)
 73078 | Zot:2    | Noticed a Killer Klown
 73265 | Zot:2    | Noticed a Killer Klown
 73268 | Zot:2    | XOM: potion effect (heal wounds)
 73289 | Zot:2    | a Killer Klown changed into a shard shrike
 73289 | Zot:2    | Noticed a shard shrike
 73289 | Zot:2    | XOM: polymorph Killer Klown -> shard shrike
 73290 | Zot:2    | Killed a shard shrike
 73294 | Zot:2    | Noticed a Killer Klown
 73298 | Zot:2    | Killed a Killer Klown
 73411 | Zot:2    | Noticed an ancient lich
 73417 | Zot:2    | Killed an ancient lich
 73424 | Zot:2    | XOM: destruction
 73434 | Zot:2    | XOM: fake destruction
 73482 | Zot:2    | XOM: 1-stop teleportation journey
 73553 | Zot:2    | XOM: polymorph tentacled monstrosity -> tentacled
                  | monstrosity
 73609 | Zot:2    | XOM: god gift: 17 gold pieces
 73653 | Zot:2    | Killed a Killer Klown
 73655 | Zot:2    | XOM: summons 6 friendly demons
 73874 | Zot:3    | XOM: polymorph red draconian scorcher -> fenstrider witch
 73938 | Zot:2    | XOM: god gift: potion of might
 74033 | Zot:3    | XOM: god gift: Xom's Spellbook of Constant Reorganisation
                  | {god gift}
 74036 | Zot:3    | Got Xom's Spellbook of Constant Reorganisation {god gift}
 74328 | Zot:3    | XOM: god gift: +0 heavy double sword
 74648 | Zot:3    | XOM: 1-stop teleportation journey
 75266 | Zot:3    | XOM: divination: magic mapping
 75517 | Zot:4    | XOM: divination: detect items
 75792 | Zot:4    | XOM: give mutations
 75792 | Zot:4    | Gained mutation: You are mostly covered in iridescent
                  | scales. (AC +4) [Xom's grace]
 75792 | Zot:4    | Gained mutation: You passively dampen the noise of your
                  | surroundings. [Xom's grace]
 76011 | Zot:4    | XOM: scenery: 1 doors open, 1 doors close
 76253 | Zot:4    | XOM is BORED!
 76280 | Zot:5    | Entered Level 5 of the Realm of Zot
 76335 | Zot:5    | XOM: polymorph storm dragon -> minotaur
 76368 | Zot:5    | XOM: enchant monster (good)
 76423 | Zot:4    | XOM: polymorph storm dragon -> dire elephant
 76462 | Zot:5    | Identified the +1 leather armour of the Volcano {Dex+3}
 76532 | Zot:5    | Reached skill level 15 in Dodging
 76574 | Zot:5    | Identified the +10 scimitar "Zaorey" {heavy, Contam rPois
                  | Str+2}
 76798 | Zot:5    | XOM: enchant monster (bad)
 76824 | Zot:5    | XOM: polymorph Orb Guardian -> frost giant
 77119 | Zot:5    | Noticed an ancient lich
 77119 | Zot:5    | Noticed a Killer Klown
 77119 | Zot:5    | XOM: destruction
 77128 | Zot:5    | XOM: summons 5 friendly demons
 77128 | Zot:5    | Noticed an orb of fire
 77135 | Zot:5    | Killed an ancient lich
 77135 | Zot:5    | Killed a Killer Klown
 77145 | Zot:5    | Killed an orb of fire
 77506 | Zot:5    | Noticed a Killer Klown
 77508 | Zot:5    | Killed a Killer Klown
 77513 | Zot:5    | Noticed a dread lich
 77519 | Zot:5    | Killed a dread lich
 77855 | Zot:5    | Noticed an orb of fire
 77859 | Zot:5    | Noticed an orb of fire
 77866 | Zot:4    | Gained mutation: Your body sometimes deteriorates upon
                  | taking damage. [an orb of fire]
 77875 | Zot:4    | XOM: noise
 77876 | Zot:4    | Killed an orb of fire
 77929 | Zot:5    | Gained mutation: You occasionally lose the ability to read
                  | scrolls when taking damage. [an orb of fire]
 77930 | Zot:5    | Noticed a Killer Klown
 77936 | Zot:4    | Gained mutation: You have hidden genetic defects. [an orb
                  | of fire]
 77940 | Zot:4    | Gained mutation: Armour fits poorly on your strangely
                  | shaped body. [an orb of fire]
 77941 | Zot:4    | Gained mutation: Potions are less effective at restoring
                  | your health. [an orb of fire]
 77947 | Zot:4    | XOM: noise
 77954 | Zot:4    | Killed an orb of fire
 78019 | Zot:4    | Lost mutation: Armour fits poorly on your strangely shaped
                  | body. [potion of mutation]
 78019 | Zot:4    | Lost mutation: You are covered in fur. (AC +1) [potion of
                  | mutation]
 78019 | Zot:4    | Lost mutation: You have hidden genetic defects. [potion of
                  | mutation]
 78022 | Zot:5    | Noticed a Killer Klown
 78026 | Zot:5    | Killed a Killer Klown
 78027 | Zot:5    | Noticed a dread lich
 78033 | Zot:5    | Killed a Killer Klown
 78034 | Zot:5    | Killed a dread lich
 78548 | Zot:5    | XOM: stat loss: -1 Dex (19/20)
 78606 | Zot:5    | Noticed an orb of fire
 78627 | Zot:5    | XOM: 2-stop teleportation journey
 78635 | Zot:5    | XOM: cast spell 'Statue Form'
 78655 | Zot:5    | Lost mutation: Your mind is very acute. (Int +8, Str/Dex
                  | -2) [an orb of fire]
 78663 | Zot:5    | Killed an orb of fire
 78678 | Zot:5    | Noticed an orb of fire
 78680 | Zot:5    | XOM: summons friendly iron imp
 78687 | Zot:5    | XOM: confuse monster(s)
 78688 | Zot:5    | XOM: polymorph cactus giant -> oklob plant
 78693 | Zot:5    | Killed an orb of fire
 78719 | Zot:5    | Noticed a Killer Klown
 78721 | Zot:5    | Killed a Killer Klown
 78726 | Zot:5    | Noticed a Killer Klown
 78731 | Zot:5    | XOM: silly message
 78737 | Zot:5    | Killed a Killer Klown
 78737 | Zot:5    | Noticed a Killer Klown
 78739 | Zot:5    | Noticed a dread lich
 78745 | Zot:5    | XOM: confusion (+ monsters)
 78748 | Zot:5    | Killed a Killer Klown
 78748 | Zot:5    | Killed a dread lich
 78865 | Zot:5    | XOM: give mutations
 78865 | Zot:5    | Lost mutation: Your body sometimes deteriorates upon taking
                  | damage. [Xom's mischief]
 78865 | Zot:5    | Lost mutation: You are weak. (Str -2) [Xom's mischief]
 78865 | Zot:5    | Lost mutation: You passively dampen the noise of your
                  | surroundings. [Xom's mischief]
 79151 | Zot:5    | Got the Orb of Zot
 79265 | Depths:3 | Noticed Asem the pandemonium lord
 79265 | Depths:3 | Noticed an ancient lich
 79265 | Depths:3 | Noticed an ancient lich
 79426 | D:10     | Noticed Onawn the pandemonium lord
 79552 | D:3      | XOM: god gift: scale mail {god gift}
 79599 | D:1      | woot! Xom
 79599 | D:1      | XOM: scenery: 1 doors open, 2 doors close
 79600 | D:$      | Escaped with the Orb!

Illustrated notes

##.....## ##.
####.......## ##..
#.'.........# #...
#'##.......#####..
##.###.....###.###.
##...###...###...###
##.....###.###.....##
##......(##'##.......#
#....@....'.'.........
##.......##'##.......#
##.....###.###.....##
##...###...###...###
##.###.....###.###.
#+##.......#####..
#.'.........# #...
####.......## ##..
##.....## ##.


Turn 79599 on D:1: woot! Xom

Levels and vault maps discovered:
D:1:      elethiomel_arrival_diamonds, layout_basic,
          nicolae_ecumenical_snake_handling
D:2:      layout_rooms
D:3:      layout_basic, solitary_fountain, minmay_misc_feat_rows
D:4:      layout_basic, minmay_temple_entry_statues_fountains,
          gup_ossuary_entry_pyramid, uniq_duvessa, uniq_natasha, uniq_sigmund
D:5:      layout_basic, nicolae_vehumet_radiance
D:6:      layout_rooms, serial_shops, shop, nicolae_hexahallways
D:7:      layout_basic, serial_curves, eino_curves_01, eino_curves_04
D:8:      layout_basic, dreamdust_princess_bridge, uniq_pikel
D:9:      layout_basic, chequers_temple_overflow_statue_of_worship, special_room
          [special_room_bee], enter_bailey_4, chequers_hall_statues_corner_a,
          amcnicky_mini_pool_medium, uniq_grum
D:10:     layout_roguey, serial_shops, nicolae_inconvenience_store
D:11:     layout_roguey, david_lair_generic, erik_orc_1, serial_shops, shop,
          shop, nicolae_stop_n_shop_2, kennysheep_mini_moat, shop,
          kennysheep_doodads
D:12:     layout_loops_ring, nicolae_uskayaw_murder_on_the_dancefloor
D:13:     layout_roguey, david_vaults_1, uniq_kirke
D:14:     layout_irregular_city
D:15:     gammafunk_depths_entry_grave, layout_gridville, serial_shops,
          nicolae_shop_behind_doors, serial_bayou_lagoon_a
Temple:   hellmonk_temple_divided_pantheon
Lair:1:   layout_roguey
Lair:2:   layout_cave_pods, gammafunk_ghost_wrathful_warriors
Lair:3:   hellmonk_destroyed_diamonds, layout_regular_city,
          palyth_hydra_swamp_entry, nicolae_spider_entry_tight_spaces,
          minivault_24, grunt_forest_large_clearing_hut, uniq_gastronok,
          uniq_sonja, uniq_prince_ribbit2
Lair:4:   layout_loops_ring, ebering_ghost_xom, grunt_megastairs_2,
          infiniplex_staircase_pool
Lair:5:   hellmonk_lair_end_abyssal_woods, layout_gridlike,
          minmay_slime_entry_pillars, infiniplex_staircase_pool_2,
          grunt_megastairs_3
Swamp:1:  layout_falls_marsh, evilmike_swamp_ruin_rubble_1,
          nicolae_swamp_hydra_murder_den
Swamp:2:  layout_basic_swamp, evilmike_swamp_ruin_rubble_2, swamp_pool3
Swamp:3:  layout_falls_marsh, evilmike_swamp_ruin_house_3, swamp_pool3
Swamp:4:  swamp_alternative, layout_basic_swamp, nicolae_swamp_triple_paths,
          uniq_mara, uniq_bai_suzhen
Spider:1: layout_spider_delve, ebering_ghost_xom, uniq_mlioglotl, uniq_louise
Spider:2: nicolae_spider_mines_1, drop_trap, nicolae_spider_undead_wolf_pack,
          uniq_jorgrun
Spider:3: layout_chambers, nicolae_spider_bug_shape
Spider:4: grunt_spider_rune_parallel, uniq_arachne
Slime:1:  layout_caves
Slime:2:  layout_caves
Slime:3:  layout_caves
Slime:4:  layout_caves, cheibrodos_slime_lost_civilization_5
Slime:5
Orc:1:    layout_caves, ebering_ghost_rock_garden, serial_shops,
          nicolae_lakefront_shop, mines1_david
Orc:2:    grunt_orc_community_town_hall, layout_diamond_mine,
          grunt_orc_community_big_house_1, grunt_orc_community_big_house_1,
          grunt_orc_community_house_3, grunt_orc_community_house_3,
          grunt_orc_community_house_1, grunt_orc_community_house_2,
          grunt_orc_community_house_2
Elf:1:    eino_elf_arrival_sip, layout_loops_corners, serial_shops, shop,
          gammafunk_ghost_cemetery, orc_legates, uniq_roxanne
Elf:2:    nicolae_elf_blades_crystal_corner, layout_gridlike,
          portal_desolation_entry_twin_temple
Elf:3:    minmay_elf_hall_hex, layout_geoelf_castle, serial_shops,
          nicolae_shop_hallway_plus
Vaults:1: nicolae_vaults_theta, ontoclasm_vaults_ring_small,
          hangedman_vaults_corner_blocks, ontoclasm_vaults_idyll,
          nicolae_vaults_asterisk, ontoclasm_vaults_ligature, vaults_room_fours,
          vaults_room_fours, vaults_dpeg_hooks,
          ontoclasm_vaults_decontamination, layout_vaults_omnigrid,
          serial_shops, nicolae_square_shop, nicolae_shop_behind_doors,
          nicolae_shop_waterfront, shop,
          nicolae_shop_temple_entry_statues_fountains, uniq_saint_roka,
          uniq_nikola
Vaults:2: v_misc_26, v_rooms_3, vaults_room_boxed, ontoclasm_vaults_misaligned,
          nicolae_vaults_network_square, nicolae_vaults_network_quincunx
          [nicolae_vaults_network_quincunx_subvault,
          nicolae_vaults_network_quincunx_subvault,
          nicolae_vaults_network_quincunx_subvault,
          nicolae_vaults_network_quincunx_subvault,
          nicolae_vaults_network_quincunx_subvault], v_misc_10,
          minmay_crypt_entry_nasty_monster, st_smaller_cells,
          grunt_vaults_diagonal, nicolae_vaults_rhombus_6,
          layout_vaults_big_cross, enter_trove_0
Vaults:3: infiniplex_enter_wizlab_water, v_misc_18, v_pattern_2,
          vaults_room_grid, vaults_standard_mumra_enter_the_diamond,
          vaults_mumra_hex, hangedman_vaults_maws, hangedman_vaults_unwind,
          nicolae_vaults_diagonal_hallway_7, nicolae_vaults_little_squares_2,
          vaults_room_large_hall, layout_vaults_omnibox
Vaults:4: v_misc_19, nicolae_vaults_branching_niches, ontoclasm_vaults_bender,
          vaults_room_pool, v_misc_18, v_pattern_1, v_alt_pattern_3,
          nicolae_vaults_big_ls, nicolae_vaults_little_squares_2,
          nicolae_vaults_specimen_jars, layout_vaults_ring, serial_shops, shop,
          uniq_margery
Vaults:5: serial_shops
Crypt:1:  layout_gridlike, minivault_11
Depths:1: layout_gridlike, enter_ziggurat_b, rand_demon_pan_entry_8, hell_entry,
          grunt_decor_arrowhead, nicolae_antique_artefacts, xom_confusion_cloud,
          roderic_lattice_octagonal_star
Depths:2: lemuel_castle_with_subvaults [lemuel_castle_interior_carwin_2],
          layout_cave_shapes, pan_entry, hell_entry, serial_co_window_serial,
          co_window_corner_a, co_window_paths_a, co_window_of_opportunity_a,
          co_window_paths_a, co_window_corner_a, co_window_broadway_c,
          co_window_corner_cb, co_window_2corner, co_window_of_opportunity_c,
          glass_columns_a, glass_columns_a
Depths:3: kennysheep_windowed_halls, layout_cave_pools, hell_entry,
          marbit_kobold_abyss_entry, nzn_life_drinkers, uniq_xtahua
Depths:4: evilmike_zot_entry_diamond, layout_cross, hell_entry,
          serial_sigils_hangedman_gnaw, abyss_entry, dk_noncrumbling_4,
          chequers_serial_rivers_small_b, serial_bayou_shore_b
Zot:1:    layout_gridville
Zot:2:    ebering_klown_carousel, layout_gridlike
Zot:3:    layout_concentric_octagons, grunt_ministairs_15
Zot:4:    layout_twisted_circle
Zot:5:    layout_gridlike

Skill      XL: |  1  2  3  4  5  6  7  8  9 10 11 12 13 14 15 16 17 18 19 20 21 22 23 24 25 26 27 |
---------------+----------------------------------------------------------------------------------+-----
Spellcasting   | 3 4 5 7 8 10 11 12 13 16 17 18 19 20 21 22 23 24 25 26 | 26.5
Fighting       | 1 2 3 4 5 6 7 8 9 10 11 13 15 16 17 18 19 20 21 22 24 26 | 26.5
Dodging        | 3 4 5 6 7 8 9 10 11 12 16 | 16.0
Armour         | 1 3 4 8 |  8.0
Shields        | 1 3 5 6 7 8 9 10 12 13 15 17 18 20 22 | 22.3
Long Blades    | 3 6 7 10 14 | 14.0
Stealth        | |  1.5

Action                     |  1- 3 |  4- 6 |  7- 9 | 10-12 | 13-15 | 16-18 | 19-21 | 22-24 | 25-27 || total
---------------------------+-------+-------+-------+-------+-------+-------+-------+-------+-------++-------
  Melee: Dagger            |       |       |     1 |       |       |       |       |       |       ||     1
         Trident           |       |       |     2 |       |       |       |       |       |       ||     2
         Staff             |       |       |       |     2 |       |     2 |       |       |     2 ||     6
         War axe           |       |       |       |       |       |     1 |       |       |       ||     1
         Falchion          |       |       |       |       |       |       |       |       |    33 ||    33
         Headbutt          |       |       |       |       |       |       |       |       |    12 ||    12
         Scimitar          |       |       |       |       |       |       |       |       |     8 ||     8
   Cast: Shock             |    76 |   193 |   113 |   122 |    25 |       |       |       |     2 ||   531
         Airstrike         |       |     3 |    98 |   181 |   364 |   176 |    79 |    52 |    45 ||   998
         Summon Small Mamm |       |     1 |     2 |       |     4 |     2 |       |       |       ||     9
         Mephitic Cloud    |       |       |     6 |    18 |     8 |     3 |     1 |       |       ||    36
         Static Discharge  |       |       |     2 |    12 |     8 |    13 |       |       |       ||    35
         Cause Fear        |       |       |     1 |     8 |     3 |     8 |       |     1 |     2 ||    23
         Swiftness         |       |       |       |     1 |     4 |     5 |       |       |       ||    10
         Borgnjor's Vile C |       |       |       |    79 |    65 |   174 |    42 |    34 |    23 ||   417
         Fireball          |       |       |       |       |   182 |   291 |   123 |       |     4 ||   600
         Summon Cactus Gia |       |       |       |       |       |    94 |    12 |     2 |    11 ||   119
         Plasma Beam       |       |       |       |       |       |       |   421 |   421 |   948 ||  1790
         Ignition          |       |       |       |       |       |       |       |       |    33 ||    33
         Statue Form       |       |       |       |       |       |       |       |       |     3 ||     3
         Death's Door      |       |       |       |       |       |       |       |       |     1 ||     1
Ability: End Transformatio |       |       |       |       |       |       |       |       |     1 ||     1
  Evoke: Wand              |       |     2 |     1 |       |       |     1 |       |       |     2 ||     6
    Use: Scroll            |       |     7 |     8 |    10 |     4 |     2 |     6 |     3 |    22 ||    62
         Potion            |       |       |       |       |     1 |     4 |     1 |       |    15 ||    21
   Stab: Fleeing           |       |       |     1 |       |       |       |       |       |       ||     1
         Distracted        |       |       |       |       |       |       |       |       |     2 ||     2
         Confused          |       |       |       |       |       |       |       |       |     1 ||     1
 Armour: Robe              |     3 |     8 |     8 |    13 |     4 |    19 |    12 |       |       ||    67
         Leather armour    |       |       |       |       |       |    23 |       |       |       ||    23
         Troll leather arm |       |       |       |       |       |       |     1 |    19 |    50 ||    70
         Skin              |       |       |       |       |       |       |       |       |    12 ||    12
  Dodge: Dodged            |     8 |    34 |    17 |    56 |    40 |   164 |    44 |    37 |   191 ||   591
         Repelled          |       |       |       |       |       |       |       |     6 |    30 ||    36
  Block: Kite shield       |       |       |       |    45 |    36 |     7 |       |       |       ||    88
         Buckler           |       |       |       |       |       |    60 |    26 |     3 |       ||    89
         Tower shield      |       |       |       |       |       |       |       |    93 |   270 ||   363

Table legend: (Time is in decaauts)
 A = Elapsed time spent in this place.
 B = Non-inter-level travel time spent in this place.
 C = Inter-level travel time spent in this place.
 D = Time resting spent in this place.
 E = Time spent auto-exploring this place.
 F = Levels seen in this place.
 G = Mean time per level.
                   A        B        C        D        E       F      G
               +--------+--------+--------+--------+--------+-----+--------+
         Total |  79799 |  66162 |  13637 |  15399 |  27281 |  59 | 1352.5 |
       Dungeon |  24123 |  18588 |   5535 |   4552 |   8906 |  15 | 1608.2 |
        Temple |     59 |     32 |     27 |      0 |      1 |   1 |   59.0 |
          Lair |  10524 |   8802 |   1722 |   2267 |   3994 |   5 | 2104.8 |
         Swamp |   3630 |   3305 |    325 |    640 |   1687 |   4 |  907.5 |
   Spider Nest |   6103 |   5596 |    507 |   1241 |   1993 |   4 | 1525.8 |
    Slime Pits |   1765 |   1667 |     98 |    530 |    559 |   5 |  353.0 |
  Orcish Mines |   2212 |   1968 |    244 |    201 |   1165 |   2 | 1106.0 |
   Elven Halls |   5648 |   4748 |    900 |   1457 |   1157 |   3 | 1882.7 |
        Vaults |   9504 |   6890 |   2614 |   1288 |   3138 |   5 | 1900.8 |
         Crypt |     81 |     79 |      2 |     54 |      0 |   1 |   81.0 |
        Depths |   5267 |   4262 |   1005 |    674 |   1620 |   4 | 1316.8 |
           Zot |   7235 |   6582 |    653 |   1161 |   2749 |   5 | 1447.0 |
         Trove |     86 |     86 |      0 |      0 |      0 |   1 |   86.0 |
       Ossuary |    975 |    975 |      0 |    494 |     15 |   1 |  975.0 |
        Bailey |    658 |    658 |      0 |    395 |     18 |   1 |  658.0 |
        Wizlab |    796 |    796 |      0 |    207 |     89 |   1 |  796.0 |
    Desolation |   1123 |   1123 |      0 |    237 |    190 |   1 | 1123.0 |
               +--------+--------+--------+--------+--------+-----+--------+

Top non-repeatable levels by time:
    D:11: 4552 daAuts
  Lair:3: 3364 daAuts
Vaults:1: 2743 daAuts
     D:8: 2551 daAuts
   Zot:5: 2537 daAuts
   Elf:3: 2342 daAuts
  Lair:2: 2321 daAuts
  Lair:5: 2281 daAuts
   Elf:1: 2242 daAuts
     D:9: 2160 daAuts
Vaults:5: 2060 daAuts
Spider:3: 2004 daAuts
Spider:1: 1835 daAuts
    D:13: 1830 daAuts
Depths:2: 1752 daAuts
